 Dungeon Crawl Stone Soup version 0.32-a0-886-g41c5271027 (console) character file.

Game seed: 12582759627365960388

51 Kenran the Ruffian (level 3, 0/26 HPs)
             Began as a Minotaur Alchemist on Apr 2, 2024.
             Slain by an iguana (12 damage)
             ... on level 2 of the Dungeon.
             The game lasted 00:02:48 (1026 turns).

Kenran the Ruffian (Minotaur Alchemist)             Turns: 1026, Time: 00:02:49

Health: 0/26       AC:  4    Str: 14    XL:     3   Next: 57%
Magic:  4/4        EV: 10    Int: 12    God:
Gold:   83         SH:  0    Dex: 10    Spells: 3/4 levels left

rFire   . .          .
                       - Unarmed
rCold   . . .        (no shield)
rNeg    . . .        e - +0 leather armour
rPois   .            (helmet restricted)
rElec   .            (no cloak)
rCorr   .            (no gloves)
SInv    .            m - +0 pair of boots
Will    .....        (no amulet)
Stlth   +            (no ring)
HPRegen 0.24/turn    (no ring)
MPRegen 0.09/turn

%: no passive effects
@: no status effects
A: horns 2, retaliatory headbutt
a: no special abilities


You were on level 2 of the Dungeon.
You visited 1 branch of the dungeon, and saw 2 of its levels.

You collected 83 gold pieces.

Inventory:

Missiles
 d - 5 poisoned darts
Armour
 e - a +0 leather armour (worn)
 m - a +0 pair of boots (worn)
Jewellery
 c - a ring of ice
 k - a ring of wizardry
Scrolls
 a - a scroll of identify {unknown}
 f - a scroll of revelation {unknown}
 h - a scroll of teleportation {unknown}
 l - a scroll of enchant weapon {unknown}
Potions
 b - a potion of magic
 g - a potion of resistance {unknown}
 i - a potion of degeneration {unknown}
 j - 2 potions of attraction {unknown}


   Skills:
 - Level 2.1 Dodging
 - Level 1.5 Stealth
 + Level 3.6 Unarmed Combat
 - Level 1.3 Spellcasting
 - Level 0.6 Conjurations
 - Level 2.1 Alchemy


You had 3 spell levels left.
You knew the following spells:

 Your Spells              Type           Power      Damage    Failure   Level
a - Sting                 Conj/Alch      16%        1d4       22%         1

Your spell library contained the following spells:

 Spells                   Type           Power      Damage    Failure   Level
 Mercury Vapours          Alch/Air       6%         N/A       34%         2
 Sublimation of Blood     Necr           0%         N/A       50%         2
 Mephitic Cloud           Conj/Alch/Air  3%         N/A       58%         3
 Olgreb's Toxic Radiance  Alch           6%         N/A       83%         4
 Petrify                  Alch/Erth      3%         N/A       93%         4
 Sticky Flame             Fire/Alch      3%         2d4       93%         4
 Irradiate                Conj/Alch      2%         3d12      99%         5


Dungeon Overview and Level Annotations

Branches:
Dungeon (2/15)

Altars:


Innate Abilities, Weirdness & Mutations

You have a pair of horns on your head.
You reflexively headbutt those who attack you in melee.


Message History

You completely miss the ball python. Your headbutt misses the ball python.
The ball python closely misses you.
You hit the ball python.
You kill the ball python!
No target in view!
No target in view!
You see here a +0 dagger.
A dart slug comes into view.
You hit the dart slug. You headbutt the dart slug!
The dart slug is almost dead.
You hit the dart slug.
You kill the dart slug!
No target in view!
No target in view!
You now have 83 gold pieces (gained 14).
An iguana comes into view.
The iguana hisses angrily.
The iguana bites you!
You are too injured to fight recklessly!
You are too injured to fight recklessly!
You are too injured to fight recklessly!
You are too injured to fight recklessly!
You are too injured to fight recklessly!
You are too injured to fight recklessly!
You are too injured to fight recklessly!
You are too injured to fight recklessly!
You hit the iguana.
You headbutt the iguana, but do no damage.
The iguana is lightly wounded.
The iguana barely misses you.
You barely miss the iguana.
The iguana is lightly wounded.
The iguana closely misses you.
You hit the iguana. You punch the iguana, but do no damage.
The iguana is lightly wounded.
The iguana bites you.
You barely miss the iguana.
The iguana is lightly wounded.
The iguana bites you!
You die...

############
......l@...#
##########.# #.#
#.# ####.## #.#
......## #.###
....... #...#
...#..# ###.#
...#..######### #.#
####†.#.......##+##
#.#


You could see an iguana.

Vanquished Creatures
  An adder (D:2)
  A dart slug (D:2)
  A ribbon worm (D:2)
  3 bats (D:2)
  3 endoplasms
  A giant cockroach (D:2)
  4 hobgoblins (D:1)
  3 jackals (D:2)
  A quokka (D:2)
  3 ball pythons
  6 frilled lizards
  6 goblins
  A kobold (D:1)
34 creatures vanquished.

Notes
Turn   | Place    | Note
-------+----------+-------------------------------------------
     0 | D:1      | Kenran the Minotaur Alchemist began the quest for the Orb.
     0 | D:1      | Reached XP level 1. HP: 14/14 MP: 1/1
    39 | D:1      | Reached skill level 1 in Unarmed Combat
   470 | D:1      | Reached XP level 2. HP: 20/20 MP: 3/3
   478 | D:1      | Reached skill level 2 in Unarmed Combat
   738 | D:2      | Reached skill level 3 in Unarmed Combat
   738 | D:2      | Reached XP level 3. HP: 26/26 MP: 2/4
  1026 | D:2      | Slain by an iguana

Illustrated notes

Levels and vault maps discovered:
D:1:      nicolae_arrival_memento_mori, layout_basic
D:2:      layout_basic

Skill      XL: |  1  2 |
---------------+-------+-----
Unarmed Combat | 1 3 |  3.6
Dodging        | |  2.1
Stealth        | |  1.5
Spellcasting   | |  1.3
Conjurations   | |  0.6
Alchemy        | |  2.1

Action                     || total
---------------------------++-------
  Melee: Unarmed           ||    68
         Headbutt          ||    14
         Punch             ||     3
   Cast: Sting             ||     7
   Stab: Sleeping          ||     2
 Armour: Leather armour    ||    31
  Dodge: Dodged            ||    36

Table legend: (Time is in decaauts)
 A = Elapsed time spent in this place.
 B = Non-inter-level travel time spent in this place.
 C = Inter-level travel time spent in this place.
 D = Time resting spent in this place.
 E = Time spent auto-exploring this place.
 F = Levels seen in this place.
 G = Mean time per level.
                   A        B        C        D        E       F      G
               +--------+--------+--------+--------+--------+-----+--------+
         Total |   1024 |   1006 |     18 |    206 |    426 |   2 |  512.0 |
       Dungeon |   1024 |   1006 |     18 |    206 |    426 |   2 |  512.0 |
               +--------+--------+--------+--------+--------+-----+--------+

Top non-repeatable levels by time:
     D:1: 648 daAuts
     D:2: 376 daAuts
